 Dungeon Crawl Stone Soup version 0.29-a0-648-g6b26cc9f40 (webtiles) character file.

Game seed: 286065392792079391

13 meekasboy the Chopper (level 2, 0/22 HPs)
             Began as a Demonspawn Gladiator on June 21, 2022.
             Slain by a bat (1 damage)
             ... on level 1 of the Dungeon.
             The game lasted 00:00:59 (82 turns).

meekasboy the Chopper (Demonspawn Gladiator)          Turns: 82, Time: 00:00:59

Health: 0/22       AC:  4    Str: 14    XL:     2   Next: 24%
Magic:  2/2        EV: 12    Int:  9    God:
Gold:   0          SH:  0    Dex: 14    Spells: 1/1 levels left

rFire   . . .      SeeInvis .   a - +0 war axe
rCold   . . .      Faith    .   (no shield)
rNeg    . . .      Spirit   .   b - +0 leather armour
rPois   .          Reflect  .   c - +0 helmet
rElec   .          Harm     .   (no cloak)
rCorr   .          Rampage  .   (no gloves)
Will    .....                   (no boots)
Stlth   +.........              (no amulet)
HPRegen 0.07/turn               (no ring)
MPRegen 0.08/turn               (no ring)

@: no status effects
A: powered by pain 1
a: no special abilities


You were on level 1 of the Dungeon.
You visited 1 branch of the dungeon, and saw 1 of its levels.

Inventory:

Hand Weapons
 a - a +0 war axe (weapon)
Missiles
 d - 3 throwing nets (quivered)
 e - a javelin
Armour
 b - a +0 leather armour (worn)
 c - a +0 helmet (worn)
Potions
 f - a potion of mutation {unknown}
 g - a potion of curing {unknown}


   Skills:
 + Level 2.2 Fighting
 + Level 3.1 Axes
 + Level 1.9 Throwing
 + Level 2.7 Dodging


You had one spell level left.
You didn't know any spells.
Your spell library was empty.

Dungeon Overview and Level Annotations

Branches:
Dungeon (1/15)

Altars:


Innate Abilities, Weirdness & Mutations

You sometimes gain a little power by taking damage.


Message History

You kill the goblin!
The jackal misses you. The jackal completely misses you. x2
The jackal bites you.
* * * LOW HITPOINT WARNING * * *
Your Axes skill increases to level 3!
You slash the jackal!
You kill the jackal!
You hit the jackal.
You kill the jackal!
You have reached level 2!
Your demonic ancestry asserts itself...
You feel energised by your suffering.
Items here: ( ) ††.
You barely miss the dart slug. The dart slug barely misses you.
You hit the dart slug.
The dart slug is lightly wounded.
The dart slug closely misses you.
You hit the dart slug but do no damage.
The dart slug is lightly wounded.
The dart slug bites you.
* * * LOW HITPOINT WARNING * * *
You slash the dart slug!
You kill the dart slug!
A bat is nearby!
Found a lumpy yellow potion.
The bat hits you but does no damage. The bat misses you.
The bat hits you but does no damage.
You hit the bat but do no damage. The bat misses you.
The bat hits you but does no damage.
You closely miss the bat. The bat closely misses you. The bat hits you.
* * * LOW HITPOINT WARNING * * *
The bat misses you. The bat hits you but does no damage. The bat misses you.
The bat hits you but does no damage. The bat misses you.
A ball python comes into view.
The ball python hisses angrily.
The bat hits you.
You die...

#........# #..)..(..#
#.†.†....#
#.).).S....#
##########..........#
#...................#
#............####...#
#............# ...#
#........@b..# ..
#............#
#............#
#............#
#............#
#.........!..#
#............#
............#
#############


You could see a bat and a ball python.

Vanquished Creatures
  A dart slug (D:1)
  A bat (D:1)
  2 goblins (D:1)
  3 jackals (D:1)
  A kobold (D:1)
  A ball python (D:1)
9 creatures vanquished.

Vanquished Creatures (others)
  5 plants (D:1)
5 creatures vanquished.

Grand Total: 14 creatures vanquished

Notes
Turn   | Place    | Note
-------+----------+-------------------------------------------
     0 | D:1      | meekasboy the Demonspawn Gladiator began the quest for the
                  | Orb.
     0 | D:1      | Reached XP level 1. HP: 16/16 MP: 1/1
    61 | D:1      | Reached skill level 3 in Axes
    62 | D:1      | Gained mutation: You sometimes gain a little power by
                  | taking damage. [demonic ancestry]
    62 | D:1      | Reached XP level 2. HP: 2/22 MP: 2/2
    66 | D:1      | HP: 1/22 [dart slug (1)]
    77 | D:1      | HP: 1/22 [bat (1)]
    82 | D:1      | Slain by a bat

Illustrated notes

Levels and vault maps discovered:
D:1:      minmay_arrival_plants_in_alcoves, layout_basic

Skill      XL: |  1 |
---------------+----+-----
Axes           | 3 |  3.1
Fighting       | |  2.2
Throwing       | |  1.9
Dodging        | |  2.7

Action                   || total
-------------------------++-------
Melee: War axe           ||    29
Armor: Leather armour    ||    10
Dodge: Dodged            ||    27

Table legend: (Time is in decaauts)
 A = Elapsed time spent in this place.
 B = Non-inter-level travel time spent in this place.
 C = Inter-level travel time spent in this place.
 D = Time resting spent in this place.
 E = Time spent auto-exploring this place.
 F = Levels seen in this place.
 G = Mean time per level.
                   A        B        C        D        E       F      G
               +--------+--------+--------+--------+--------+-----+--------+
         Total |     92 |     72 |     20 |      0 |      0 |   1 |   92.0 |
       Dungeon |     92 |     72 |     20 |      0 |      0 |   1 |   92.0 |
               +--------+--------+--------+--------+--------+-----+--------+

Top non-repeatable levels by time:
     D:1: 92 daAuts
